 Dungeon Crawl Stone Soup version 0.26-a0-70-g31f1466 (webtiles) character file.

Game seed: 16601850965408648667

39 AcesWolf the Skirmisher (level 3, 0/34 HPs)
             Began as a Draconian Berserker on June 13, 2020.
             Was a Follower of Trog.
             Slain by a jackal (2 damage)
             ... on level 2 of the Dungeon.
             The game lasted 00:07:23 (1073 turns).

AcesWolf the Skirmisher (Draconian Berserker)       Turns: 1073, Time: 00:07:23

Health: 0/34       AC:  5    Str: 20    XL:     3   Next: 28%
Magic:  3/3        EV: 12    Int:  7    God:    Trog [*.....]
Gold:   27         SH:  0    Dex: 10    Spells: 2/2 levels left

rFire    . . .     SeeInvis .   a - +0 short sword
rCold    . . .     Gourm    .   (no shield)
rNeg     . . .     Faith    .   (armour unavailable)
rPois    .         Spirit   .   (helmet restricted)
rElec    .         Reflect  .   (no cloak)
rCorr    .         Harm     .   (no gloves)
MR       .....                  (no boots)
Stlth    +.........             (no amulet)
HPRegen  0.11/turn              (no ring)
MPRegen  0.08/turn              (no ring)

@: no status effects
A: unfitting armour, cold-blooded, AC +5
a: Berserk, Renounce Religion


You were on level 2 of the Dungeon.
You worshipped Trog.
Trog was aware of your devotion.
You were not hungry.

You visited 1 branch of the dungeon, and saw 2 of its levels.

You collected 27 gold pieces.

Inventory:

Hand Weapons
 a - a +0 short sword (weapon)
Scrolls
 c - 2 scrolls of teleportation
 d - a scroll of amnesia
Comestibles
 b - 6 rations
 f - a chunk of flesh


   Skills:
 + Level 4.4 Fighting
 + Level 3.2 Short Blades
 + Level 2.9 Dodging


You had 2 spell levels left.
You didn't know any spells.
Your spell library was empty.

Dungeon Overview and Level Annotations

Branches:
Dungeon (2/15)

Altars:


Innate Abilities, Weirdness & Mutations

Your plain brown scales are hard. (AC +5)
You cannot fit into any form of body armour.
You are cold-blooded and may be slowed by cold attacks.


Message History

The jackal barks!
Found 9 gold pieces.
You are too injured to fight recklessly!
You are too injured to fight recklessly!
You are too injured to fight recklessly!
You hit the jackal but do no damage.
The jackal bites you but does no damage.
A kobold comes into view. It is wielding a +0 dagger.
The jackal bites you.
* * * LOW HITPOINT WARNING * * *
You hit the jackal.
The jackal is heavily wounded.
The jackal closely misses you.
You hit the jackal.
The jackal is severely wounded.
The jackal barely misses you.
You closely miss the jackal.
The jackal is severely wounded.
The jackal closely misses you. The jackal bites you.
You die...

#. #.##. ### #.##.## #..
#.##... #.# ###.##..#
#.# .......# #.#
##.###)## #.#
$).#####...#○°.## #.#
...K.hh@........######.#
########...#...†........
##.###..........# ...#
############ #####


You could see 2 jackals and a kobold.

Vanquished Creatures
  Terence (D:2)
  A dart slug (D:1)
  2 hobgoblins (D:2)
  A quokka (D:2)
  A bat (D:2)
  A frilled lizard (D:2)
  A goblin (D:1)
  2 kobolds
  4 rats (D:2)
14 creatures vanquished.

Notes
Turn   | Place    | Note
-------+----------+-------------------------------------------
     0 | D:1      | AcesWolf the Draconian Berserker began the quest for the
                  | Orb.
     0 | D:1      | Reached XP level 1. HP: 19/19 MP: 1/1
   911 | D:2      | Reached XP level 2. HP: 26/26 MP: 2/2
  1039 | D:2      | Noticed Terence
  1060 | D:2      | Killed Terence
  1060 | D:2      | Reached skill level 4 in Fighting
  1060 | D:2      | Reached XP level 3. HP: 3/34 MP: 3/3
  1073 | D:2      | Slain by a jackal

Illustrated notes

Levels and vault maps discovered:
D:1:      saegor_arrival_under_anarchy, layout_loops_ring, serial_glass,
          glass_columns_b, glass_columns_a
D:2:      layout_loops_ring, grunt_temple_overflow_growth_and_decay,
          first_ration, uniq_terence

Skill      XL: |  1  2 |
---------------+-------+-----
Fighting       | 4 |  4.4
Short Blades   | |  3.2
Dodging        | |  2.9

Action                   || total
-------------------------++-------
Melee: Short sword       ||    52
       Tailslap          ||     9
  Use: Scroll            ||     5
Armor: Skin              ||     9
Dodge: Dodged            ||    28

Table legend:
 A = Non-vault XP
 B = Vault XP
 C = Vault XP percentage of total XP
 D = Non-vault monster count
 E = Vault monster count
 F = Vault count percentage of total count
                 A         B        C        D         E       F
            +---------+---------+-------+---------+---------+-------
      Total |      19 |      38 |  66.7 |      13 |       1 |   7.1
            +---------+---------+-------+---------+---------+-------
        D:1 |       6 |       0 |   0.0 |       3 |       0 |   0.0
        D:2 |      13 |      38 |  74.5 |      10 |       1 |   9.1
            +---------+---------+-------+---------+---------+-------
